 Dungeon Crawl Stone Soup version bcrawl-1.21.3-1-g0d72ed7573 (webtiles) character file.

Game seed: 5976170447539887165

358 Mehrunes the Purveyor of Pain (level 6, -2/35 HPs)
             Began as a Skeleton Necromancer on Apr 16, 2020.
             Was an Initiate of Kikubaaqudgha.
             Killed by divine providence
             ... invoked by an orc priest
              (8 damage)
             ... on level 4 of the Dungeon.
             The game lasted 00:10:50 (4980 turns).

Mehrunes the Purveyor of Pain (SkNe)                Turns: 4980, Time: 00:10:50

Health: -2/35      AC:  6    Str: 13 (14) XL:     6   Next: 37%
Magic:  0/13       EV: 11    Int: 16      God:    Kikubaaqudgha [......]
Gold:   227        SH:  0    Dex:  8 (9)  Spells: 5/14 levels left

rFire    . . .     SeeInvis .   d - +2 dagger (venom)
rCold    + . .     Gourm    .   (no shield)
rNeg     + + +     Faith    .   o - +0 ring mail
rPois    ∞         Spirit   +   (no helmet)
rElec    .         Reflect  .   i - +0 cloak
rCorr    .         Harm     .   (no gloves)
MR       .....                  (no boots)
Stlth    +.........             (no amulet)
HPRegen  0.11/turn              k - ring of flight
MPRegen  0.13/turn              (no ring)

@: no status effects
A: no food or potions, cold resistance 1, deterioration 1, negative energy
resistance 3, powered by death 1, torment resistance, unbreathing, magic shield,
sturdy frame 1, spell healing
a: Renounce Religion, Evoke Flight


You were on level 4 of the Dungeon.
You worshipped Kikubaaqudgha.
Kikubaaqudgha was noncommittal.
You were not hungry.

You visited 1 branch of the dungeon, and saw 4 of its levels.

You collected 227 gold pieces.

Inventory:

Hand Weapons
 a - a +1 dagger
 d - a +2 dagger of venom (weapon)
Armour
 i - a +0 cloak (worn)
 o - a +0 ring mail (worn)
Jewellery
 k - a ring of flight (left hand)
Wands
 b - a wand of flame (18)
Scrolls
 c - a scroll of amnesia {unknown}
 e - a scroll of remove curse
 f - 2 scrolls of enchant armour
 g - a scroll of noise {unknown}
 h - a scroll of immolation {unknown}
 j - a scroll of identify
 l - 2 scrolls of fear {unknown}
 m - a scroll of magic mapping {unknown}
 n - a scroll of teleportation {unknown}


   Skills:
 + Level 1.9 Fighting
 * Level 4.0 Short Blades
 - Level 2.0 Armour
 + Level 2.4 Dodging
 - Level 2.4 Stealth
 - Level 4.9 Spellcasting
 - Level 5.5 Necromancy


You had 5 spell levels left.
You knew the following spells:

 Your Spells              Type           Power        Failure   Level  Hunger
a - Animate Skeleton      Necr           N/A          2%          1    N/A
b - Pain                  Necr           ###...       2%          1    N/A
c - Vampiric Draining     Necr           ###.......   7%          3    N/A
d - Animate Dead          Necr           N/A          24%         4    N/A

Your spell library contained the following spells:

 Spells                   Type           Power        Failure   Level  Hunger
 Magic Dart               Conj           #...         22%         1    N/A
 Blink                    Tloc           N/A          34%         2    N/A
 Call Imp                 Summ           #.....       34%         2    N/A
 Conjure Flame            Conj/Fire      #.......     56%         3    N/A
 Mephitic Cloud           Conj/Pois/Air  #.......     56%         3    N/A
 Bolt of Draining         Conj/Necr      ##........   90%         5    N/A
 Regeneration             Chrm/Necr      Unusable     N/A         3    N/A
 Spider Form              Tmut/Pois      Unusable     N/A         3    N/A

Dungeon Overview and Level Annotations

Branches:
Dungeon (4/12)
 Temple: D:4-7

Altars:
Cheibriados
Kikubaaqudgha
Lugonu
Makhleb


Innate Abilities, Weirdness & Mutations

You do not eat or drink.
You are immune to poison.
Your flesh is cold resistant. (rC+)
Your body sometimes deteriorates upon taking damage.
You are immune to negative energy. (rN+++)
You regenerate a little health from kills.
You are immune to unholy pain and torment.
You can survive without breathing.
When hurt, damage is shared between your health and your magic reserves.
Your movements are slightly less encumbered by armour. (ER -2)
Casting spells heals you.


Message History

It is a scroll of identify.
f - 2 scrolls of enchant armour The orc wizard hits you but does no damage.
The orc wizard hits you with a +0 dagger.
* * * LOW HITPOINT WARNING * * *
Casting: Vampiric Draining (safe; 7% risk of failure)
Confirm with . or Enter, or press ? or * to list all spells.
You don't have enough magic to cast that spell.
Casting: Vampiric Draining (safe; 7% risk of failure)
Confirm with . or Enter, or press ? or * to list all spells.
Aiming: Pain (safe; 2% risk of failure)
Press: ? - help, Shift-Dir - straight line, f - orc wizard
Aim: an orc wizard, wielding a +0 dagger and wearing a +0 robe (fast, chance to defeat MR: 80%)
The orc wizard barely resists.
The adder hisses angrily.
The orc wizard hits you but does no damage.
The orc priest invokes the aid of Beogh against you.
Beogh smites you!
You die...
Kikubaaqudgha rasps: "You have failed me!
Welcome... oblivion!"

### ... #.# #S#
#.# ## #.# ..
#@######.# #
#.oZ.....#.#
...###Z...oo.o.
..Z.....#####o#
##.###..# #..#
#..#############
#o.#.#.#...#.#.#
#.o##.#.o...#.##


You could see an orc priest, an orc wizard, an adder, an orc, a killer bee
zombie and a howler monkey skeleton.

Vanquished Creatures
  A hound (D:4)
  An orc priest (D:4)
  2 orc wizards
  A worker ant (D:4)
  6 adders
  6 gnolls
  A shadow imp (D:4)
  2 oozes
  A worm (D:4)
  A dart slug (D:4)
  5 leopard geckos
  5 orcs
  3 bats
  2 giant cockroaches
  8 goblins
  10 hobgoblins
  7 jackals (D:2)
  8 kobolds
  4 quokkas
  3 ball pythons
  3 frilled lizards
  3 rats
83 creatures vanquished.

Notes
Turn   | Place    | Note
-------+----------+-------------------------------------------
     0 | D:1      | Mehrunes the Skeleton Necromancer began the quest for the
                  | Orb.
     0 | D:1      | Reached XP level 1. HP: 10/10 MP: 4/4
   424 | D:1      | Reached XP level 2. HP: 15/15 MP: 4/6
   584 | D:1      | Reached skill level 1 in Short Blades
   638 | D:1      | Reached skill level 1 in Armour
   985 | D:1      | Reached XP level 3. HP: 19/19 MP: 2/8
  1616 | D:1      | Learned a level 3 spell: Vampiric Draining
  2195 | D:2      | Reached XP level 4. HP: 22/24 MP: 3/9
  2615 | D:2      | Reached skill level 5 in Necromancy
  3632 | D:3      | Found a burning altar of Makhleb.
  3637 | D:3      | Found a snail-covered altar of Cheibriados.
  3641 | D:3      | Reached XP level 5. HP: 28/28 MP: 4/11
  3794 | D:3      | Learned a level 4 spell: Animate Dead
  3993 | D:3      | Reached skill level 1 in Fighting
  4078 | D:3      | Found a corrupted altar of Lugonu.
  4267 | D:3      | Found an ancient bone altar of Kikubaaqudgha.
  4279 | D:3      | Became a worshipper of Kikubaaqudgha
  4771 | D:4      | Gained mutation: You regenerate a little health from kills.
                  | [Skeleton growth]
  4771 | D:4      | Reached XP level 6. HP: 34/34 MP: 2/13
  4980 | D:4      | Killed from afar by an orc priest

Skill      XL: |  1  2  3  4  5  6 |
---------------+-------------------+-----
Short Blades   | 1 2 3 4 |  4.0
Armour         | 1 2 |  2.0
Spellcasting   | 4 |  4.9
Necromancy     | 5 |  5.5
Fighting       | 1 |  1.9
Dodging        | |  2.4
Stealth        | |  2.4

Action                   |  1- 3 |  4- 6 || total
-------------------------+-------+-------++-------
Melee: Dagger            |    28 |    15 ||    43
 Cast: Pain              |    57 |   117 ||   174
       Vampiric Draining |     1 |     8 ||     9
       Animate Skeleton  |       |    13 ||    13
Evoke: Wand              |       |     4 ||     4
  Use: Scroll            |       |     2 ||     2
Armor: Robe              |    11 |       ||    11
       Ring mail         |     4 |    27 ||    31
Dodge: Dodged            |    46 |    43 ||    89
